 Dungeon Crawl Stone Soup version 0.31-a0-267-g3fc6992b3b (webtiles) character file.

Game seed: 5981874327218129846

74 qw the Shooter (level 4, -2/26 HPs)
             Began as a Gargoyle Hexslinger on July 14, 2023.
             Slain by a gnoll
             ... wielding a +0 whip
              (4 damage)
             ... on level 2 of the Dungeon.
             The game lasted 00:00:24 (1040 turns).

qw the Shooter (Gargoyle Hexslinger)                Turns: 1040, Time: 00:00:24

Health: -2/26      AC:  9    Str: 17    XL:     4   Next: 30%
Magic:  5/5        EV: 11    Int: 14    God:
Gold:   47         SH:  0    Dex: 14    Spells: 4/5 levels left

rFire   . . .        Y - +1 sling
rCold   . . .        (no shield)
rNeg    + . .        f - +0 ring mail
rPois   inf          (no helmet)
rElec   +            (no cloak)
rCorr   .            (no gloves)
SInv    .            a - +0 pair of boots "Ijatsa Upuy" {Str+6}
Will    .....        (no amulet)
Stlth   +            (no ring)
HPRegen 0.24/turn    (no ring)
MPRegen 0.09/turn

%: no passive effects
@: no status effects
A: sickness immunity, AC +3, negative energy resistance 1, electricity
resistance, torment resistance 1, petrification resistance
a: no special abilities


You were on level 2 of the Dungeon.
You visited 1 branch of the dungeon, and saw 2 of its levels.

You collected 47 gold pieces.


Innate Abilities, Weirdness & Mutations

You are immune to sickness and miasma.
Your stone body is resilient. (AC +3)
You are immune to poison.
You resist negative energy. (rN+)
You are resistant to electric shocks. (rElec)
You are resistant to unholy torment.
You are immune to petrification.


   Skills:
 - Level 2.0 Fighting
 - Level 4.0 Ranged Weapons
 + Level 0.8 Armour
 - Level 1.5 Dodging
 - Level 1.0 Spellcasting
 - Level 2.6 Hexes


You had 4 spell levels left.
You knew the following spells:

 Your Spells              Type           Power      Damage    Failure   Level
a - Slow                  Hex            32%        N/A       16%         1

Your spell library contained the following spells:

 Spells                   Type           Power      Damage    Failure   Level
 Inner Flame              Hex/Fire       4%         N/A       63%         3
 Portal Projectile        Hex/Tloc       8%         N/A       63%         3
 Cause Fear               Hex            4%         N/A       85%         4

Inventory:

Hand Weapons
 Y - a +1 sling (weapon)
Armour
 a - the +0 pair of boots "Ijatsa Upuy" (worn) {Str+6}
   (You acquired it on level 1 of the Dungeon)

   Str:       It affects your strength (+6).
 f - a +0 ring mail (worn)
Scrolls
 b - 2 scrolls of revelation {unknown}
 e - a scroll of identify

Dungeon Overview and Level Annotations

Branches:
Dungeon (2/15)

Altars:


Message History

You shoot a sling bullet. The endoplasm quivers.
The sling bullet hits the gnoll.
The gnoll is severely wounded.
The gnoll barely misses you.
You shoot a sling bullet.
The sling bullet barely misses the gnoll.
The gnoll closely misses you. The gnoll barely misses you.
You shoot a sling bullet. The sling bullet hits the gnoll.
The gnoll is severely wounded.
The gnoll hits you but does no damage. The gnoll closely misses you. x2
You shoot a sling bullet.
The sling bullet barely misses the gnoll.
The sling bullet hits the gnoll.
The gnoll is moderately wounded.
The gnoll hits you with a +0 club. The gnoll hits you but does no damage.
The gnoll hits you from afar with a +0 spear.
The endoplasm freezes you.
You are frozen.
The gnoll hits you with a +1 flail of protection.
The gnoll hits you from afar with a +0 spear.
The endoplasm closely misses you.
You shoot a sling bullet. The sling bullet hits the gnoll.
You kill the gnoll!
The gnoll hits you but does no damage.
The gnoll hits you with a +1 flail of protection.
The endoplasm hits you but does no damage.
You shoot a sling bullet.
The sling bullet hits the gnoll but does no damage.
The gnoll hits you with a +0 whip. The gnoll hits you but does no damage.
The gnoll misses you.
The endoplasm hits you but does no damage.
You shoot a sling bullet.
The sling bullet hits the gnoll but does no damage.
The gnoll barely misses you. The gnoll hits you but does no damage.
The gnoll barely misses you. The endoplasm misses you.
The gnoll closely misses you.
The endoplasm hits you but does no damage.
The gnoll hits you with a +0 whip.
You die...

#.####.###.. ..... #.#
#...... .... #.# ####...
...# ###.# ###. #...
#...#########. #...
#..........#.. #.g.
#..........#..
####.Jg#####.........#..
...'.Jg@........######..
.###..J########## ##+
....... ....... ###
....... #.. ....... #..
....... #.. ....... ###


You could see 3 gnolls and 3 endoplasms.

Vanquished Creatures
  A gnoll (D:2)
  3 adders (D:2)
  2 worms (D:2)
  3 ball pythons (D:2)
  3 bats (D:2)
  An endoplasm (D:1)
  5 goblins (D:1)
  2 hobgoblins (D:1)
  4 jackals (D:2)
  A kobold (D:1)
  2 quokkas (D:1)
  A frilled lizard (D:1)
  A rat (D:1)
29 creatures vanquished.

Notes
Turn   | Place    | Note
-------+----------+-------------------------------------------
     0 | D:1      | qw the Gargoyle Hexslinger began the quest for the Orb.
     0 | D:1      | Reached XP level 1. HP: 12/12 MP: 2/2
     0 | D:1      | 0 ||| qw: Version: 0.3-a-52-g30416fa
     0 | D:1      | 0 ||| qw: Game counter: 7868
     0 | D:1      | 0 ||| qw: Melee chars always use a shield: true
     0 | D:1      | 0 ||| qw: God list: Okawaru
     0 | D:1      | 0 ||| qw: Allow faded altars: false
     0 | D:1      | 0 ||| qw: Do Orc after clearing Dungeon:15 true
     0 | D:1      | 0 ||| qw: Do second Lair branch before Depths: true
     0 | D:1      | 0 ||| qw: Lair rune preference: random
     0 | D:1      | 0 ||| qw: Goals: Normal
     0 | D:1      | 0 ||| PLANNING D:1-11
   250 | D:1      | Reached XP level 2. HP: 16/16 MP: 3/3
   274 | D:1      | Found a faded altar of an unknown god.
   312 | D:1      | Reached skill level 3 in Ranged Weapons
   705 | D:1      | 705 ||| UPGRADING to +0 ring mail.
   715 | D:1      | 715 ||| DROPPING +0 robe.
   716 | D:1      | 716 ||| READING scroll labelled REQAAF OXEV.
   716 | D:1      | Identified a scroll of acquirement
   716 | D:1      | 716 ||| ACQUIRING +0 pair of boots "Ijatsa Upuy" {Str+6}
   716 | D:1      | Acquired the +0 pair of boots "Ijatsa Upuy" {Str+6}
   718 | D:1      | 718 ||| UPGRADING to +0 pair of boots "Ijatsa Upuy"
                  | {Str+6}.
   723 | D:1      | 723 ||| READING 2 scrolls labelled BULOORGH DEULUWN.
   724 | D:1      | 724 ||| DROPPING scroll of poison.
   787 | D:2      | Reached XP level 3. HP: 19/21 MP: 4/4
   945 | D:2      | Reached XP level 4. HP: 26/26 MP: 5/5
  1027 | D:2      | Reached skill level 4 in Ranged Weapons
  1037 | D:2      | HP: 4/26 [gnoll/+0 spear (6)]
  1039 | D:2      | HP: 1/26 [gnoll/+0 whip (2)]
  1040 | D:2      | Slain by a gnoll

Levels and vault maps discovered:
D:1:      minmay_arrival_hallway, layout_basic, serial_curves, eino_curves_02,
          eino_curves_01, eino_curves_01, ebering_ecumenical_altar_sacrificial
D:2:      layout_basic, serial_shops, nicolae_shop_window_shopping, basic_altar,
          minmay_cut_off

Skill      XL: |  1  2  3  4 |
---------------+-------------+-----
Ranged Weapons | 3 4 |  4.0
Fighting       | 2 |  2.0
Armour         | |  0.8
Dodging        | |  1.5
Spellcasting   | |  1.0
Hexes          | |  2.6

Action                     |  1- 3 |  4- 6 || total
---------------------------+-------+-------++-------
   Fire: Sling             |    92 |    17 ||   109
    Use: Scroll            |     2 |       ||     2
 Armour: Robe              |     1 |       ||     1
         Ring mail         |    27 |     8 ||    35
  Dodge: Dodged            |    42 |    12 ||    54

Table legend:
 A = Non-vault XP
 B = Vault XP
 C = Vault XP percentage of total XP
 D = Non-vault monster count
 E = Vault monster count
 F = Vault count percentage of total count
                 A         B        C        D         E       F
            +---------+---------+-------+---------+---------+-------
      Total |     105 |       2 |   1.9 |      28 |       1 |   3.4
            +---------+---------+-------+---------+---------+-------
        D:1 |      24 |       0 |   0.0 |      13 |       0 |   0.0
        D:2 |      81 |       2 |   2.4 |      15 |       1 |   6.2
            +---------+---------+-------+---------+---------+-------
